 Dungeon Crawl Stone Soup version 0.20-a0-809-gaf7f668 (webtiles) character file.

79 Dfrag the Firebug (level 4, 0/36 HPs)
             Began as a Naga Fire Elementalist on Mar 2, 2017.
             Was an Initiate of Makhleb.
             Slain by an orc priest
             ... wielding a +0 morningstar
              (5 damage)
             ... on level 3 of the Dungeon.
             The game lasted 00:02:52 (1689 turns).

Dfrag the Firebug (Naga Fire Elementalist)          Turns: 1689, Time: 00:02:53

Health: 0/36       AC:  4    Str:  9 (10) XL:     4   Next: 38%
Magic:  4/8        EV: 10    Int: 15 (17) God:    Makhleb [......]
Gold:   90         SH:  0    Dex: 10 (11) Spells: 7/8 levels left

rFire    . . .     SeeInvis +   (no weapon)
rCold    . . .     Gourm    .   a - +0 robe
rNeg     . . .     Faith    .   (no shield)
rPois    +         Spirit   .   j - +1 helmet
rElec    .         Reflect  .   (no cloak)
rCorr    .         Harm     .   (no gloves)
MR       .....                  (no barding)
Stlth    ++........             (no amulet)
Regen    0.2/turn               (no ring)
MPRegen  0.2/turn               (no ring)

@: very slow
A: see invisible, deformed body, poison resistance, slowness 2, slow metabolism
1, spit poison 1, AC +1
a: Spit Poison, Renounce Religion


You were on level 3 of the Dungeon.
You worshipped Makhleb.
Makhleb was noncommittal.
You were hungry.

You visited 1 branch of the dungeon, and saw 3 of its levels.

You collected 90 gold pieces.

Inventory:

Armour
 a - a +0 robe (worn)
 g - +0 ice dragon scales
 j - a +1 helmet (worn)
Jewellery
 k - a cursed ring of teleportation {unknown}
 r - a cursed amulet of inaccuracy {unknown}
Scrolls
 d - 3 scrolls of remove curse
 e - 3 scrolls of identify
 f - 4 scrolls of enchant weapon
 m - a scroll of teleportation
 p - a scroll of fear {unknown}
 s - a scroll of recharging {unknown}
Potions
 i - a potion of agility {unknown}
 n - a potion of curing {unknown}
 o - a potion of heal wounds {unknown}
 q - a potion of haste {unknown}
 t - a potion of degeneration
Books
 b - a book of Flames

   Spells                             Type                      Level
   a - Flame Tongue                   Conjuration/Fire             1
   b - Throw Flame                    Conjuration/Fire             2
   c - Conjure Flame                  Conjuration/Fire             3
   d - Inner Flame                    Hexes/Fire                   3
   e - Sticky Flame                   Conjuration/Fire             4
   f - Fireball                       Conjuration/Fire             5
Comestibles
 c - 3 bread rations
 h - 6 fruits
 l - a royal jelly
 u - a chunk of flesh


   Skills:
 - Level 1.5 Dodging
 - Level 3.0 Stealth
 + Level 2.7 Spellcasting
 + Level 2.1 Conjurations
 + Level 4.0 Fire Magic


You had 7 spell levels left.
You knew the following spells:

 Your Spells              Type           Power        Failure   Level  Hunger
a - Flame Tongue          Conj/Fire      ##...        8%          1    #......


Dungeon Overview and Level Annotations

Branches:
Dungeon (3/15)

Altars:
Makhleb
Ru
Xom


Innate Abilities, Weirdness & Mutations

You cannot wear boots.
Your serpentine skin is tough. (AC +1)
You have supernaturally acute eyesight. (SInv)
Armour fits poorly on your strangely shaped body.
Your system is resistant to poisons. (rPois)
You cover ground very slowly.
You have a slow metabolism.
You can spit poison.


Message History

The flame tongue hits the orc priest.
The orc priest appears unharmed.
The orc priest hits you with a morningstar.
* * * LOW HITPOINT WARNING * * *
Casting: Flame Tongue
Confirm with . or Enter, or press ? or * to list all spells.
Aiming: Flame Tongue
Press: ? - help, Shift-Dir - straight line, f/p - orc priest
Aim: an orc priest, wielding a morningstar The flame tongue hits the orc priest.
The orc priest is moderately wounded.
Casting: Flame Tongue
Confirm with . or Enter, or press ? or * to list all spells.
Aiming: Flame Tongue
Press: ? - help, Shift-Dir - straight line, f/p - orc priest
Aim: an orc priest, wielding a morningstar (moderately wounded)
The flame tongue hits the orc priest.
The orc priest is moderately wounded.
You are feeling hungry.
The orc priest hits you with a morningstar.
You die...

. ... #...†...# . [.. +.......# #
#.# #....############ # #.#
#...............# # #.#+##
#.).............#
###....####..............)#
..#.......####.........####
..'.......# ##........#
..##......# #.@##########.
..###'##########o######.....=(
...................o....####.###
#################.##.##.##.....##
#.##....#.....oK#
####.#.o#....o..# ##.#......_....
#..# .#.......# #..##.#...o...#


You could see an orc priest.

Vanquished Creatures
  Ijyb (D:2)
  An ooze (D:1)
  A worm (D:3)
  4 leopard geckos
  3 orcs (D:3)
  2 ball pythons (D:1)
  5 giant cockroaches
  4 goblins
  3 hobgoblins
  5 bats
  3 frilled lizards
  3 kobolds (D:1)
  4 rats
39 creatures vanquished.

Notes
Turn   | Place    | Note
-------+----------+-------------------------------------------
     0 | D:1      | Dfrag the Naga Fire Elementalist began the quest for the Orb.
     0 | D:1      | Reached XP level 1. HP: 15/15 MP: 3/3
    94 | D:1      | Reached XP level 2. HP: 18/22 MP: 0/5
   294 | D:1      | Found a shimmering altar of Xom.
   296 | D:1      | Found a sacrificial altar of Ru.
   296 | D:1      | Found a shimmering altar of Xom.
   298 | D:1      | Found an ancient bone altar of Kikubaaqudgha.
   298 | D:1      | Found an opulent altar of Gozag.
   298 | D:1      | Found a sparkling altar of Nemelex Xobeh.
   412 | D:1      | Reached XP level 3. HP: 19/28 MP: 3/6
  1206 | D:2      | Noticed Ijyb
  1225 | D:2      | Killed Ijyb
  1225 | D:2      | Reached XP level 4. HP: 25/36 MP: 0/7
  1415 | D:2      | Found a burning altar of Makhleb.
  1424 | D:2      | Became a worshipper of Makhleb the Destroyer
  1488 | D:3      | Reached skill level 4 in Fire Magic
  1662 | D:3      | Noticed a hippogriff
  1668 | D:3      | Found a sacrificial altar of Ru.
  1689 | D:3      | Slain by an orc priest

Vault maps used:
D:1:      scummos_arrival_simple_crosswalls, doesnt_xom_only_xom
D:2:      lemuel_coloured_pillars_altar, uniq_iyjb
D:3:      marbit_many_paths, old_standard_altar, kennysheep_generic_room_12

Skill      XL: |  1  2  3  4 |
---------------+-------------+-----
Conjurations   | 2 |  2.1
Fire Magic     | 4 |  4.0
Dodging        | |  1.5
Stealth        | |  3.0
Spellcasting   | |  2.7

Action                   |  1- 3 |  4- 6 || total
-------------------------+-------+-------++-------
Melee: Unarmed           |    11 |    16 ||    27
 Cast: Flame Tongue      |    45 |    17 ||    62
 Abil: Spit Poison       |    11 |     4 ||    15
  Use: Scroll            |       |     5 ||     5
       Potion            |       |     1 ||     1
  Eat: Chunk             |       |     3 ||     3
Armor: Robe              |    11 |     6 ||    17
Dodge: Dodged            |    17 |    23 ||    40
